AoeStats
← talaria

Arena

508693356Analyzed
1v1 RM · 7d ago on Sep 23, 2026· 43m 5s· 2 players
Game mode
Random Map
Map size
Tiny (2 player)
Population
200
Speed
Normal
Resources
Standard
Victory
Conquest
Starting age
Dark Age
Ending age
Imperial Age
RankedLock teamsTeams togetherTeam positionsShared explorationLock speedFull tech treeHidden civsTurbo modeCheats
Victory
Defeat
🇺🇸 Saracens · United States
1118
+16
🇨🇳 Spanish · China
1126
-16
talaria
9:58 Feudal Age
13:51 Castle Age
12:21 Double-Bit Axe
12:47 Horse Collar
16:03 Stone Mining
19:02 Loom
22:22 Fletching
31:29 Town Watch
34:31 Masonry
39:10 Wheelbarrow
41:40 Imperial Age
39:16 Bodkin Arrow
40:31 Bow Saw
40:11 Man-at-Arms
40:37 Gambesons
41:06 Long Swordsman
42:38 Bracer
hongjunhaoren
10:44 Feudal Age
10:15 Loom
14:45 Castle Age
15:49 Fletching
15:59 Padded Archer Armor
17:26 Leather Archer Armor
35:29 Husbandry
35:39 Bloodlines
Connection lost

Rejoining the realm…

Still unreachable

The connection could not be restored.

Session expired

The server has moved on; the page needs a fresh start.